 Dungeon Crawl Stone Soup version 0.28-a0-664-gc179e30c89 (webtiles) character file.

Game seed: 2718874764663429416

807 jasper the Twirler (level 7, -4/50 HPs)
             Began as a Demonspawn Artificer on Oct 16, 2021.
             Was a Follower of Okawaru.
             Slain by a killer bee (5 damage)
             ... on level 5 of the Dungeon.
             The game lasted 00:10:12 (5301 turns).

jasper the Twirler (Demonspawn Artificer)           Turns: 5301, Time: 00:10:13

Health: -4/50      AC: 10    Str: 10 (13) XL:     7   Next: 60%
Magic:  7/7        EV: 11    Int: 11 (12) God:    Okawaru [*.....]
Gold:   59         SH:  0    Dex: 13 (15) Spells: 4/6 levels left

rFire   . . .      SeeInvis .   i - +1 quarterstaff
rCold   . . .      Faith    .   (shield currently unavailable)
rNeg    . . .      Spirit   .   b - +1 leather armour
rPois   .          Reflect  .   u - +0 helmet
rElec   .          Harm     .   (no cloak)
rCorr   +          Rampage  .   c - +0 pair of gloves
Will    +....                   (no boots)
Stlth   +.........              (no amulet)
HPRegen 0.16/turn               (no ring)
MPRegen 0.10/turn               (no ring)

@: lethally poisoned (-4 -> -7), attractive, flying, hasted, very quick
A: yellow scales 3, ignite blood 1, weakness stinger 2, strong-willed 1
a: Renounce Religion, Heroism


You were on level 5 of the Dungeon.
You worshipped Okawaru.
Okawaru was aware of your devotion.
You visited 2 branches of the dungeon, and saw 6 of its levels.

You collected 143 gold pieces.
You spent 84 gold pieces at shops.

Inventory:

Hand Weapons
 a - a +0 club
 f - a +0 vorpal short sword
 i - a +1 quarterstaff (weapon)
 o - a +0 hunting sling
 q - a +0 club
Missiles
 g - 142 stones (quivered)
 v - 6 poisoned darts
Armour
 b - a +1 leather armour (worn)
 c - a +0 pair of gloves (worn)
 s - a +0 ring mail
 u - a +0 helmet (worn)
Wands
 d - a wand of charming (11)
 y - a wand of flame (2)
Scrolls
 j - a scroll of amnesia
 w - a scroll of vulnerability {unknown}
 x - 2 scrolls of noise {unknown}
Potions
 h - a potion of cancellation
 l - a potion of attraction
 m - a potion of might
 p - a potion of mutation
 r - a potion of lignification
 A - a potion of ambrosia {unknown}
Miscellaneous
 e - a piece from Xom's chessboard (8/15)


   Skills:
 - Level 2.0 Fighting
 + Level 7.2 Staves
 - Level 2.3 Armour
 - Level 1.7 Dodging
 - Level 0.8 Stealth
 - Level 3.0 Evocations


You had 4 spell levels left.
You knew the following spells:

 Your Spells              Type           Power      Damage    Failure   Level
a - Wereblood             Tmut           0%         N/A       56%         2

Your spell library contained the following spells:

 Spells                   Type           Power      Damage    Failure   Level
 Beastly Appendage        Tmut           0%         N/A       43%         1
 Foxfire                  Conj/Fire      0%         2x1d4     43%         1
 Conjure Flame            Conj/Fire      0%         6-21      80%         3
 Gell's Gravitas          Tloc           0%         N/A       80%         3
 Inner Flame              Hex/Fire       0%         N/A       80%         3
 Ozocubu's Armour         Ice            0%         N/A       80%         3
 Spider Form              Tmut/Pois      0%         N/A       80%         3
 Teleport Other           Tloc           0%         N/A       80%         3
 Flame Wave               Conj/Fire      0%         3d3       99%         4
 Iskenderun's Battlesphe  Conj           0%         2d6       100%        5
 Metabolic Englaciation   Hex/Ice        0%         N/A       100%        5
 Dispersal                Tloc           0%         N/A       100%        6
 Iron Shot                Conj/Erth      0%         9d1       100%        6
 Simulacrum               Ice/Necr       Unusable   N/A       N/A         6
 Spellforged Servitor     Conj/Summ      Unusable   N/A       N/A         7

Dungeon Overview and Level Annotations

Branches:
Dungeon (5/15)             Temple (1/1) D:4

Altars:
Cheibriados
Dithmenos
Fedhas
Gozag
Hepliaklqana
Kikubaaqudgha
Nemelex Xobeh
Okawaru
Qazlal
Sif Muna
Uskayaw
Vehumet
Wu Jian
Xom
Yredelemnul
The Shining One

Shops:
D:3 **!


Innate Abilities, Weirdness & Mutations

You are completely covered in yellow scales. (AC +4, rCorr)
Your demonic aura sometimes causes spilled blood to erupt in flames.
You have a tail ending in a sharp stinger.
You are strong-willed. (Will+)


Message History

The killer bee closely misses you.
The killer bee stings you but does no damage.
Really quaff the potion of attraction?
You feel attractive to monsters. The killer bee stings you.
* * * LOW HITPOINT WARNING * * *
You are poisoned.
The killer bee poisons you!
The killer bee stings you but does no damage.
You take 6 damage, and have 9/50 hp.
Unknown command.
Okay, then.
Unknown command.
You hit the killer bee but do no damage.
The killer bee is heavily wounded.
* * * LOW HITPOINT WARNING * * *
You feel sick.
The killer bee stings you but does no damage.
The killer bee barely misses you.
You take 2 damage, and have 7/50 hp.
It was a potion of haste.
You feel yourself speed up.
You feel sick.
The killer bee stings you but does no damage.
The killer bee closely misses you.
You take 1 damage, and have 6/50 hp.
It was a potion of mutation.
You feel extremely strange.
You feel strong-willed.
You feel sick. The killer bee stings you.
* * * LOW HITPOINT WARNING * * *
The killer bee closely misses you.
You take 5 damage, and have 1/50 hp.
It was a potion of flight.
You feel very buoyant.
You fly up into the air.
* * * LOW HITPOINT WARNING * * *
You feel sick. The killer bee closely misses you.
It was a potion of degeneration.
There was something very wrong with that liquid.
You feel weakened.
You feel dopey.
You feel clumsy. The killer bee stings you.
You die...

#....######.# #.# #....#.
##.#.....##.###'###...##.
#####.#####..#...'_###.####.
#.........##...###+###......
#.........###..# #.# #.....#
#.........# #..###.###..#...
#.........###...........#.##
#.###.###..##.......#...#...
#. ##[.....@....).....#.####
# #......y........#.......#
#.#...............#.#..##..
#...................#.#####
##.#........##....###.# #.
#.#........###..## #.###..
#.#....)...#..)#####.#...#
#..##$######.####.....<...
... #.######.####.......##


You could see a killer bee.

Vanquished Creatures
  Edmund (D:4)
  A necrophage (D:5)
  A centaur (D:5)
  A phantom (D:5)
  2 scorpions
  A centaur zombie (D:5)
  An orc priest (D:4)
  A jelly (D:4)
  A hound (D:4)
  A hound skeleton (D:4)
  4 gnolls (D:3)
  4 adders
  A shadow imp (D:4)
  An ufetubus (D:5)
  An adder skeleton (D:4)
  A worm (D:4)
  5 dart slugs
  14 orcs
  6 bats
  9 endoplasms
  3 giant cockroaches
  8 goblins
  5 hobgoblins
  6 jackals (D:2)
  12 kobolds
  2 quokkas (D:1)
  7 ball pythons
  A frilled lizard (D:1)
  A quokka skeleton (D:4)
  4 rats
106 creatures vanquished.

Vanquished Creatures (collateral kills)
  A jackal (D:2)
  A ball python (D:3)
  A bat (D:3)
3 creatures vanquished.

Grand Total: 109 creatures vanquished

Notes
Turn   | Place    | Note
-------+----------+-------------------------------------------
     0 | D:1      | jasper the Demonspawn Artificer began the quest for the
                  | Orb.
     0 | D:1      | Reached XP level 1. HP: 15/15 MP: 1/1
    20 | D:1      | Reached skill level 1 in Dodging
   224 | D:1      | Gained mutation: You are partially covered in yellow
                  | scales. (AC +2) [demonic ancestry]
   224 | D:1      | Reached XP level 2. HP: 18/21 MP: 2/2
   993 | D:1      | Gained mutation: You are mostly covered in yellow scales.
                  | (AC +3) [demonic ancestry]
   993 | D:1      | Reached XP level 3. HP: 27/27 MP: 3/3
  1341 | D:2      | Noticed a scorpion
  1455 | D:2      | Reached skill level 1 in Staves
  1824 | D:2      | Gained mutation: You have a small tail. [demonic ancestry]
  1824 | D:2      | Reached XP level 4. HP: 33/33 MP: 4/4
  1956 | D:2      | Learned a level 2 spell: Wereblood
  2003 | D:3      | Found Soxkaomio's Distillery.
  2010 | D:3      | Bought a potion of curing for 42 gold pieces
  2178 | D:3      | Bought a potion of lignification for 42 gold pieces
  2221 | D:3      | Reached skill level 2 in Staves
  2424 | D:3      | Found Qotru's Assorted Antiques.
  2432 | D:3      | Found Xeefof's Assorted Antiques.
  2546 | D:3      | Killed a scorpion
  2547 | D:3      | Reached skill level 3 in Staves
  2553 | D:3      | Gained mutation: You are completely covered in yellow
                  | scales. (AC +4, rCorr) [demonic ancestry]
  2553 | D:3      | Reached XP level 5. HP: 36/38 MP: 5/5
  3155 | D:4      | Reached skill level 4 in Staves
  3525 | D:4      | Gained mutation: Your demonic aura sometimes causes spilled
                  | blood to erupt in flames. [demonic ancestry]
  3525 | D:4      | Reached XP level 6. HP: 44/44 MP: 6/6
  3534 | D:4      | Found a staircase to the Ecumenical Temple.
  3587 | Temple   | Entered the Ecumenical Temple
  3775 | Temple   | Became a worshipper of Warmaster Okawaru
  4209 | D:4      | Noticed Edmund
  4226 | D:4      | Killed Edmund
  4227 | D:4      | Reached skill level 5 in Staves
  4400 | D:4      | Noticed an orc warrior
  4440 | D:5      | Entered Level 5 of the Dungeon
  4607 | D:5      | Reached skill level 6 in Staves
  4607 | D:5      | Gained mutation: You have a tail ending in a sharp stinger.
                  | [demonic ancestry]
  4607 | D:5      | Reached XP level 7. HP: 46/50 MP: 7/7
  4699 | D:5      | Reached * piety under Okawaru
  5123 | D:5      | Found an opulent altar of Gozag.
  5181 | D:5      | Reached skill level 7 in Staves
  5279 | D:5      | Found an ornate altar of the Wu Jian Council.
  5299 | D:5      | Gained mutation: You are strong-willed. (Will+) [potion of
                  | mutation]
  5299 | D:5      | HP: 1/50 [killer bee (4)]
  5301 | D:5      | Slain by a killer bee

Illustrated notes

Levels and vault maps discovered:
D:1:      amcnicky_arrival_flooded_fountain, layout_loops_ring
D:2:      layout_basic
D:3:      minmay_spotlight, layout_basic, serial_shops, nicolae_shop_waterfront,
          nicolae_square_shop, nicolae_shop_stone,
          chequers_serial_rivers_micro_e
D:4:      layout_loops_ring, minmay_temple_entry_wispy, minivault_14,
          amcnicky_mini_rare_corridor_liquid, minmay_pentomino_pile, uniq_edmund
D:5:      layout_rooms, mainiacjoe_overflow_tiny_flanked, zin_angel,
          lemuel_doored_altar, minmay_fractal_squares_gapless_5
Temple:   eino_narrow_crystal_temple

Skill      XL: |  1  2  3  4  5  6  7 |
---------------+----------------------+-----
Dodging        | 1 |  1.7
Armour         | 2 |  2.3
Fighting       | 2 |  2.0
Staves         | 1 3 4 6 7 |  7.2
Stealth        | |  0.8
Evocations     | |  3.0

Action                   |  1- 3 |  4- 6 |  7- 9 || total
-------------------------+-------+-------+-------++-------
Melee: Club              |    47 |       |       ||    47
       Short sword       |    24 |       |       ||    24
       Quarterstaff      |       |   117 |    54 ||   171
       Tailslap          |       |    10 |     5 ||    15
 Fire: Hunting sling     |    62 |    48 |       ||   110
Throw: Stone             |       |    30 |    12 ||    42
Evoke: Wand              |    11 |    16 |       ||    27
       Piece from Xom's  |       |    10 |       ||    10
  Use: Scroll            |     6 |     5 |       ||    11
       Potion            |       |       |     6 ||     6
 Stab: Sleeping          |       |     1 |       ||     1
Armor: Leather armour    |    42 |    40 |    41 ||   123
Dodge: Dodged            |    61 |    79 |    47 ||   187

Table legend: (Time is in decaauts)
 A = Elapsed time spent in this place.
 B = Non-inter-level travel time spent in this place.
 C = Inter-level travel time spent in this place.
 D = Time resting spent in this place.
 E = Time spent auto-exploring this place.
 F = Levels seen in this place.
 G = Mean time per level.
                   A        B        C        D        E       F      G
               +--------+--------+--------+--------+--------+-----+--------+
         Total |   5352 |   5122 |    230 |    410 |   3602 |   6 |  892.0 |
       Dungeon |   5148 |   4954 |    194 |    410 |   3443 |   5 | 1029.6 |
        Temple |    203 |    167 |     36 |      0 |    159 |   1 |  203.0 |
               +--------+--------+--------+--------+--------+-----+--------+

Top non-repeatable levels by time:
     D:4: 1296 daAuts
     D:1: 1188 daAuts
     D:3: 1139 daAuts
     D:2: 819 daAuts
     D:5: 705 daAuts
  Temple: 203 daAuts
